 Dungeon Crawl Stone Soup version 0.20.0-8-g6b59dc7 (webtiles) character file.

30 mopl the Changer (level 3, -2/17 HPs)
             Began as a Spriggan Transmuter on June 1, 2017.
             Slain by an adder (5 damage)
             ... on level 2 of the Dungeon.
             The game lasted 00:02:44 (985 turns).

mopl the Changer (Spriggan Transmuter)               Turns: 985, Time: 00:02:45

Health: -2/17      AC:  2    Str:  7    XL:     3   Next: 3%
Magic:  6/8        EV: 21    Int: 14    God:
Gold:   71         SH:  0    Dex: 21    Spells: 1/7 levels left

rFire    . . .     SeeInvis +     - Unarmed
rCold    . . .     Gourm    .   (shield currently unavailable)
rNeg     . . .     Faith    .   (armour currently unavailable)
rPois    x         Spirit   .   (helmet currently unavailable)
rElec    .         Reflect  .   (cloak currently unavailable)
rCorr    .         Harm     .   (gloves unavailable)
MR       .....                  (boots unavailable)
Stlth    ++........             e - amulet of inaccuracy (curse)
Regen    0.1/turn               (no ring)
MPRegen  0.2/turn               (no ring)

@: lethally poisoned (-2 -> -28), spider-form (expiring)
A: unfitting armour, see invisible, herbivore 3, slow metabolism 2
a: End Transformation


You were on level 2 of the Dungeon.
You were not hungry.
You were a venomous arachnid creature.
You visited 1 branch of the dungeon, and saw 2 of its levels.

You collected 71 gold pieces.

Inventory:

Hand Weapons
 b - a +0 hunting sling (melded)
Missiles
 a - 92 arrows
 g - 70 stones (quivered)
 i - 53 sling bullets
 l - 5 needles of confusion
Armour
 m - a +1 robe of resistance (melded)
Jewellery
 e - a cursed amulet of inaccuracy (around neck)
Scrolls
 h - a scroll of amnesia {unknown}
 o - a scroll of immolation {unknown}
 s - a scroll of enchant weapon {unknown}
 t - a scroll of magic mapping {unknown}
 u - a scroll of enchant armour {unknown}
Potions
 j - a potion of cancellation
 k - a potion of invisibility
 n - a potion of heal wounds
 p - a potion of lignification {unknown}
 q - a potion of flight {unknown}
 r - 2 potions of degeneration {unknown}
Books
 c - a book of Changes

   Spells                             Type                      Level
   a - Beastly Appendage              Transmutation                1
   b - Sticks to Snakes               Transmutation                2
   c - Spider Form                    Transmutation/Poison         3
   d - Ice Form                       Ice/Transmutation            4
   e - Blade Hands                    Transmutation                5
Comestibles
 d - 2 bread rations
 f - a royal jelly


   Skills:
 - Level 0.7 Fighting
 * Level 1.9 Slings
 - Level 3.0 Dodging
 * Level 2.8 Unarmed Combat
 + Level 2.9 Spellcasting
 + Level 3.1 Transmutations
 + Level 0.0 Poison Magic


You had one spell level left.
You knew the following spells:

 Your Spells              Type           Power        Failure   Level  Hunger
a - Beastly Appendage     Tmut           ##....       17%         1    #......
b - Spider Form           Tmut/Pois      #.........   56%         3    ###....
w - Sticks to Snakes      Tmut           ##......     22%         2    ##.....


Dungeon Overview and Level Annotations

Branches:
Dungeon (2/15)

Altars:
Xom


Innate Abilities, Weirdness & Mutations

You are very small and have problems with some larger weapons.
You are too small for most types of armour.
You have supernaturally acute eyesight. (SInv)
You are a herbivore.
((You cover ground extremely quickly.))
You need consume almost no food.


Message History

The adder poisons you!
You hit the adder.
The adder is poisoned.
The adder is lightly wounded.
You feel sick. The adder completely misses you. The adder closely misses you.
You closely miss the adder.
The adder is lightly wounded.
You feel sick. The adder misses you.
You hit the adder.
The adder looks as sick as possible!
The adder is moderately wounded.
You feel sick. The adder bites you.
* * * LOW HITPOINT WARNING * * *
You are more poisoned.
The adder poisons you!
You are too injured to fight recklessly!
You are too injured to fight recklessly!
You miss the adder.
The adder is heavily wounded.
* * * LOW HITPOINT WARNING * * *
You feel sick. The adder bites you.
You die...

.....................##........#
..........#....#.....##........#
.............####..............#
..............# ##.#.#.........#
...........##.####...........###
.........#..#...##..#^#......#
#......#.........##.#......#
####.............#.##.#.<....#
#.....##.)......s............##
..##.##........S..#...#.......#
........#......##..#..........#
.......###.....###..##.#.^^^..#
...............# ##....#.^_^.###
.......###.....# ###....^.....#
.......# #.....# #............#
.......# #.....# #............#
.......# ####### #............#


You could see an adder.

Vanquished Creatures
  A worm (D:2)
  6 bats
  3 giant cockroaches (D:1)
  3 goblins
  2 hobgoblins (D:1)
  A frilled lizard (D:2)
  5 kobolds
  3 rats
24 creatures vanquished.

Notes
Turn   | Place    | Note
-------+----------+-------------------------------------------
     0 | D:1      | mopl the Spriggan Transmuter began the quest for the Orb.
     0 | D:1      | Reached XP level 1. HP: 9/9 MP: 5/5
   169 | D:1      | Reached skill level 3 in Transmutations
   302 | D:1      | Reached XP level 2. HP: 14/14 MP: 6/6
   306 | D:1      | Learned a level 2 spell: Sticks to Snakes
   630 | D:1      | Reached skill level 1 in Slings
   911 | D:2      | Found a shimmering altar of Xom.
   922 | D:2      | Reached XP level 3. HP: 16/17 MP: 8/8
   927 | D:2      | Learned a level 3 spell: Spider Form
   985 | D:2      | Slain by an adder

Skill      XL: |  1  2 |
---------------+-------+-----
Transmutations | 3 |  3.1
Slings         | 1 |  1.9
Fighting       | |  0.7
Dodging        | |  3.0
Unarmed Combat | |  2.8
Spellcasting   | |  2.9

Action                   || total
-------------------------++-------
Melee: Unarmed           ||    12
       Headbutt          ||     1
 Fire: Hunting sling     ||    98
 Cast: Beastly Appendage ||     2
       Spider Form       ||     1
  Use: Scroll            ||     3
Armor: Robe              ||    10
Dodge: Dodged            ||    51
